AoeStats
← Mirku

Black Forest

510214836Analyzed
4v4 RM · 1d ago on Sep 30, 2026· 29m 5s· 8 players
Game mode
Random Map
Map size
Large (8 player)
Population
200
Speed
Normal
Resources
Standard
Victory
Conquest
Starting age
Dark Age
Ending age
Imperial Age
RankedLock teamsTeams togetherTeam positionsShared explorationLock speedFull tech treeHidden civsTurbo modeCheats
Victory
Defeat
🇺🇸 Varangians · United States
1112
+11
🇺🇸 Romans · United States
1102
+11
🇺🇸 Danes · United States
1034
+13
🇺🇸 Persians · United States
956
+16
🇨🇦 Italians · Canada
1022
-15
🇨🇦 Celts · Canada
1022
-14
🇨🇦 Varangians · Canada
997
-13
🇨🇦 Franks · Canada
892
-9
CAS MBAG
10:23 Feudal Age
8:53 Loom
13:57 Castle Age
12:17 Double-Bit Axe
iTz bjonny88
7:37 Loom
9:53 Feudal Age
10:34 Double-Bit Axe
10:33 Horse Collar
16:27 Castle Age
16:41 Forging
16:37 Scale Barding Armor
17:09 Bow Saw
20:39 Heavy Plow
21:44 Bloodlines
21:56 Husbandry
26:48 Wheelbarrow
28:02 Light Cavalry
Darth MBAG
5:12 Loom
11:14 Feudal Age
13:33 Wheelbarrow
15:57 Castle Age
13:50 Double-Bit Axe
14:57 Bloodlines
15:23 Forging
15:19 Scale Barding Armor
15:17 Horse Collar
20:18 Town Watch
22:20 Wheelbarrow
25:46 Husbandry
27:34 Bow Saw
27:24 Gold Mining
Komfy Kaiju
0:53 Loom
12:30 Feudal Age
13:57 Double-Bit Axe
17:23 Castle Age
16:32 Horse Collar
25:20 Gambesons
25:36 Squires
25:26 Arson
27:08 Gold Mining
28:24 Heavy Plow
29:44 Gold Shaft Mining
29:33 Forging
29:24 Scale Mail Armor
Leeoku
0:31 Loom
12:39 Feudal Age
13:19 Double-Bit Axe
17:58 Castle Age
15:53 Horse Collar
19:08 Bow Saw
19:40 Heavy Plow
19:34 Gold Mining
Sinister Monster
3:46 Loom
4:14 Loom
5:42 Loom
12:32 Feudal Age
13:58 Double-Bit Axe
14:48 Gold Mining
17:36 Castle Age
16:42 Bloodlines
16:22 Horse Collar
16:36 Stone Mining
26:59 Forging
Mirku
11:33 Feudal Age
13:30 Double-Bit Axe
18:32 Castle Age
18:32 Gold Mining
19:00 Stone Mining
20:12 Gold Shaft Mining
19:53 Bow Saw
22:28 Wheelbarrow
24:47 Hand Cart
24:57 Elite Skirmisher
27:13 Forging
27:08 Scale Barding Armor
26:54 Fletching
27:04 Padded Archer Armor
Cavil
0:47 Loom
12:07 Feudal Age
12:37 Double-Bit Axe
16:44 Castle Age
15:19 Gold Mining
16:08 Horse Collar
19:06 Scale Barding Armor
Connection lost

Rejoining the realm…

Still unreachable

The connection could not be restored.

Session expired

The server has moved on; the page needs a fresh start.